 Dungeon Crawl Stone Soup version 0.18.1-48-g4cf74bf (webtiles) character file.

457 Krepatura the Shield-Bearer (level 7, -1/44 HPs)
             Began as a Gargoyle Fighter on July 10, 2016.
             Splashed by a jelly's acid (4 damage)
             ... on level 5 of the Dungeon.
             The game lasted 00:22:43 (4611 turns).

Krepatura the Shield-Bearer (Gargoyle Fighter)      Turns: 4611, Time: 00:22:44

Health: -1/44      AC:  1    Str: 22    XL:     7   Next: 6%
Magic:  7/7        EV:  4    Int:  8    God:
Gold:   249        SH: 10    Dex: 12    Spells: 0 memorised, 6 levels left

rFire  . . .     SeeInvis .     j - +0 whip
rCold  . . .     Gourm    .     g - +0 plate armour
rNeg   + + .     Faith    .     c - +0 shield
rPois  ∞         Spirit   .     (no helmet)
rElec  +         Dismiss  .     (no cloak)
rCorr  .         Reflect  .     (no gloves)
SustAt .         Harm     .     (no boots)
MR     .....                    (no amulet)
Stlth  ..........               n - ring of positive energy
                                p - +3 ring of dexterity

@: corroded, not resistant to hostile enchantments, extremely unstealthy
A: negative energy resistance 1, electricity resistance, unbreathing,
petrification resistance, rot immunity, AC +4
a: no special abilities


You were on level 5 of the Dungeon.
You were hungry.

You visited 1 branch of the dungeon, and saw 5 of its levels.

You collected 249 gold pieces.

Inventory:

Hand Weapons
 a - a +0 flail
 b - a +0 blowgun
 j - a +0 whip (weapon)
Missiles
 s - 6 poisoned needles
Armour
 c - a +0 shield (worn)
 g - a +0 plate armour (worn)
 q - a +0 scale mail
Jewellery
 h - an uncursed ring of sustain attributes
 n - a ring of positive energy (right hand)
 p - a +3 ring of dexterity (left hand)
Wands
 v - a wand of paralysis (12/24)
Scrolls
 i - 2 scrolls of enchant weapon
 r - a scroll of magic mapping
 y - a scroll of remove curse {unknown}
Potions
 e - 2 potions of resistance {unknown}
 l - a potion of agility
 m - 2 potions of brilliance
 o - a potion of cancellation
 t - 2 potions of ambrosia
 w - 2 potions of curing
Comestibles
 d - 4 fruits
 f - a bread ration
 k - 2 meat rations
 u - 2 slices of pizza
 x - 2 chunks of flesh


   Skills:
 + Level 4.8 Fighting
 + Level 4.1 Maces & Flails
 + Level 5.0 Armour
 + Level 5.2 Shields


You had 6 spell levels left.
You didn't know any spells.

Dungeon Overview and Level Annotations

Branches:
Dungeon (5/15)
 Temple: D:4-7

Altars:
Dithmenos
Gozag
Nemelex Xobeh
Okawaru
Qazlal
Sif Muna
Yredelemnul

Annotations:
D:4 taheo's ghost, novice OgBe


Innate Abilities, Weirdness & Mutations

You are resistant to torment.
Your stone body is resilient (AC +4).
You are immune to poison.
You resist negative energy.
You are resistant to electric shocks.
You can survive without breathing.
You are immune to petrification.
You are immune to rotting.


Message History

The jelly hits you.
You are splashed with acid!
The acid burns!
* * * LOW HITPOINT WARNING * * *
You are too injured to fight recklessly!
You completely miss the jelly.
The jelly is almost dead.
The jelly hits you but does no damage.
You hit the jelly but do no damage. The acid corrodes you!
Your hands burn!
* * * LOW HITPOINT WARNING * * *
The jelly is almost dead.
You block the jelly's attack.
You hit the jelly but do no damage.
Your hands burn!
* * * LOW HITPOINT WARNING * * *
The jelly is almost dead.
The jelly hits you but does no damage.
You hit the jelly but do no damage.
Your hands burn!
* * * LOW HITPOINT WARNING * * *
The jelly is almost dead.
You block the jelly's attack.
You hit the jelly but do no damage. The acid corrodes you!
Your hands burn!
You die...

#...........#.
..
#.........###
##.
#..........#
.>..
#..........#
....
#......##..#
..#
#.....####.#
#.######....##
#.#
#.........###
##.
#.J@.(.....#
.#
########....#
.. ##.### ##.
##


You could see a jelly.

Vanquished Creatures
  A phantom (D:4)
  A hound (D:4)
  Natasha (thrice) (D:3)
  Terence (D:3)
  A worker ant (D:4)
  4 gnolls (D:2)
  7 adders
  An ooze (D:1)
  3 worms (D:2)
  A dart slug (D:1)
  3 giant geckos
  6 orcs
  8 bats
  5 giant cockroaches
  5 goblins
  15 hobgoblins
  12 jackals
  6 kobolds
  4 giant newts
  5 rats
92 creatures vanquished.

Notes
Turn   | Place    | Note
--------------------------------------------------------------
     0 | D:1      | Krepatura the Gargoyle Fighter began the quest for the Orb.
     0 | D:1      | Reached XP level 1. HP: 14/14 MP: 1/1
   107 | D:1      | Reached XP level 2. HP: 19/19 MP: 2/2
   147 | D:1      | You fall through a shaft!
   364 | D:1      | Reached XP level 3. HP: 20/23 MP: 3/3
   869 | D:2      | Noticed an earth elemental
   870 | D:2      | Found a stormy altar of Qazlal.
   872 | D:2      | Noticed an air elemental
   872 | D:2      | Noticed a water elemental
   872 | D:2      | Noticed a fire elemental
  1087 | D:2      | Reached XP level 4. HP: 28/29 MP: 4/4
  1281 | D:2      | Reached XP level 5. HP: 14/33 MP: 5/5
  1696 | D:2      | Found a shadowy altar of Dithmenos.
  1947 | D:2      | Found a deep blue altar of Sif Muna.
  2129 | D:3      | Found an iron altar of Okawaru.
  2279 | D:3      | Noticed Natasha
  2305 | D:3      | Killed Natasha
  2620 | D:3      | Noticed Terence
  2822 | D:3      | Noticed Natasha
  2972 | D:3      | Killed Terence
  3064 | D:3      | Reached XP level 6. HP: 39/39 MP: 6/6
  3246 | D:3      | Killed Natasha
  3279 | D:3      | Noticed Natasha
  3303 | D:3      | Killed Natasha
  3520 | D:4      | Noticed taheo's ghost (novice OgBe)
  3655 | D:4      | Reached skill level 5 in Shields
  3851 | D:4      | Found a basalt altar of Yredelemnul.
  3953 | D:4      | Found a sparkling altar of Nemelex Xobeh.
  3954 | D:4      | Found an opulent altar of Gozag.
  4346 | D:4      | Noticed a phantom
  4499 | D:4      | Killed a phantom
  4499 | D:4      | Reached skill level 5 in Armour
  4499 | D:4      | Reached XP level 7. HP: 36/44 MP: 7/7
  4572 | D:5      | Entered Level 5 of the Dungeon
  4611 | D:5      | Splashed by a jelly's acid

Skill      XL: |  1  2  3  4  5  6 |
---------------+-------------------+-----
Shields        | 4 5 |  5.2
Armour         | 4 5 |  5.0
Maces & Flails | 3 4 |  4.1
Fighting       | 4 |  4.8

Action                   |  1- 3 |  4- 6 |  7- 9 || total
-------------------------+-------+-------+-------++-------
Melee: Flail             |    22 |       |       ||    22
       Whip              |   122 |   517 |    16 ||   655
  Use: Potion            |       |     5 |       ||     5
       Scroll            |       |     5 |       ||     5
  Eat: Chunk             |       |    10 |       ||    10
       Fruit             |       |     3 |       ||     3
Armor: Scale mail        |    59 |   160 |       ||   219
       Plate armour      |       |    70 |     3 ||    73
Dodge: Dodged            |    39 |   113 |     3 ||   155
Block: Shield            |    59 |   214 |     7 ||   280
